HSSL
MARIS SCHOOL @ OCEANSIDE HS PIRATES
04/02/2026
 
TOP OF THE 1ST
Maris School batting - Pitching for Oceanside HS Pirates : RHP William Jones
Pitching: RHP William Jones
Batting: LHB Ryan Martin 0-0: Called Strike
0-1: Foul Ball, location: 2F
0-2: Strikes out looking
Batting: RHB Doug Carter 0-0: Called Strike
0-1: Swinging Strike
0-2: Ball
1-2: Strikes out swinging
Batting: RHB Dan Duckworth 0-0: Ground out 6-3 (Groundball, 6M)
Top of the 1st over - 0 run(s), 0 hit(s), 0 error(s), 0 left on base; Maris School 0 - Oceanside HS 0
BOTTOM OF THE 1ST
Oceanside HS Pirates batting - Pitching for Maris School : RHP Nick Rogers
Pitching: RHP Nick Rogers
Batting: RHB Glen Madden 0-0: Fly out, F8 (Flyball, 8RD)
Batting: RHB Henry Rose 0-0: Foul Ball, location: 2F
0-1: Called Strike
0-2: Strikes out swinging
Batting: LHB Ron Young 0-0: SINGLE (Flyball, 8RS)
Batting: RHB Danny Boykins 0-0: Foul Ball, location: 2F
0-1: Ball
1-1: Ball
2-1: 2-RUN HOME RUN (Flyball, 78XD), Distance : 438 ft
Batting: SHB Jerry Young 0-0: Called Strike
0-1: Ball
1-1: Swinging Strike
1-2: Strikes out swinging
Bottom of the 1st over - 2 run(s), 2 hit(s), 0 error(s), 0 left on base; Maris School 0 - Oceanside HS 2
TOP OF THE 2ND
Maris School batting - Pitching for Oceanside HS Pirates : RHP William Jones
Batting: RHB John Scammell 0-0: Ball
1-0: Ball
2-0: Swinging Strike
2-1: Foul Ball, location: 2F
2-2: Ball
3-2: Base on Balls
Batting: RHB Dave McGuire 0-0: Ball
1-0: Called Strike
1-1: Ball
2-1: Ball
3-1: Fly out, F7 (Flyball, 78M)
Batting: RHB Bruce Adams Pickoff Throw to First - Error! E1
John Scammell to second
0-0: Fly out, F9 (Line Drive, 89M)
Batting: RHB Zane Heath 0-0: Ball
1-0: Called Strike
1-1: Ground out 1-3 (Groundball, 15)
Top of the 2nd over - 0 run(s), 0 hit(s), 1 error(s), 1 left on base; Maris School 0 - Oceanside HS 2
BOTTOM OF THE 2ND
Oceanside HS Pirates batting - Pitching for Maris School : RHP Nick Rogers
Batting: LHB Preston Spencer 0-0: Ball
1-0: SINGLE (Flyball, 8RM)
Batting: LHB Greg Sharpe 0-0: Ball
1-0: Called Strike
1-1: Ball
2-1: Fly out, F7 (Flyball, 7LMF)
Batting: RHB Anthony Payton 0-0: Called Strike
0-1: Ball
1-1: Called Strike
1-2: Fly out, F4 (Popup, 4)
Batting: LHB Miguel Maldonado 0-0: Ball
1-0: Called Strike
1-1: Ball
2-1: Ball
3-1: Fly out, F3 (Popup, 3F)
Bottom of the 2nd over - 0 run(s), 1 hit(s), 0 error(s), 1 left on base; Maris School 0 - Oceanside HS 2
TOP OF THE 3RD
Maris School batting - Pitching for Oceanside HS Pirates : RHP William Jones
Batting: LHB Dustin Wesman 0-0: Ball
1-0: Called Strike
1-1: Ball
2-1: Ball
3-1: Ground out 1-3 (Groundball, 13S)
Batting: RHB Ed Jackson 0-0: Ground out 5-3 (Groundball, 5)
Batting: LHB Ryan Martin 0-0: Ball
1-0: Ball
2-0: Called Strike
Single, Error in OF, E8, batter to second base
Batting: RHB Doug Carter 0-0: Ball
1-0: Swinging Strike
1-1: Ball
2-1: Called Strike
2-2: Ball
Wild Pitch!
Ryan Martin to third
3-2: Foul Ball, location: 2F
3-2: Foul Ball, location: 2F
3-2: Base on Balls
Batting: RHB Dan Duckworth 0-0: Called Strike
0-1: Foul Ball, location: 2F
0-2: Ball
1-2: Strikes out swinging
Top of the 3rd over - 0 run(s), 1 hit(s), 1 error(s), 2 left on base; Maris School 0 - Oceanside HS 2
BOTTOM OF THE 3RD
Oceanside HS Pirates batting - Pitching for Maris School : RHP Nick Rogers
Batting: RHB Glen Madden 0-0: Ball
1-0: Called Strike
1-1: Ball
2-1: Ball
3-1: Fly out, F8 (Flyball, 8LM)
Batting: RHB Henry Rose 0-0: Foul Ball, location: 2F
0-1: Ball
1-1: Fly out, F8 (Line Drive, 8LM)
Batting: LHB Ron Young 0-0: Foul Ball, location: 2F
0-1: Ground out 3-1 (Groundball, 3L)
Bottom of the 3rd over - 0 run(s), 0 hit(s), 0 error(s), 0 left on base; Maris School 0 - Oceanside HS 2
TOP OF THE 4TH
Maris School batting - Pitching for Oceanside HS Pirates : RHP William Jones
Batting: RHB John Scammell 0-0: Ball
1-0: Foul Ball, location: 2F
1-1: SINGLE (Groundball, 56)
Batting: RHB Dave McGuire 0-0: Called Strike
0-1: Ball
1-1: Foul Ball, location: 2F
1-2: Ball
2-2: Ball
Wild Pitch!
John Scammell to second
3-2: Strikes out looking
Batting: RHB Bruce Adams 0-0: Swinging Strike
0-1: Ground out 6-3 (Groundball, 6)
Batting: RHB Zane Heath 0-0: Swinging Strike
0-1: Foul Ball, location: 2F
0-2: Strikes out swinging
Top of the 4th over - 0 run(s), 1 hit(s), 0 error(s), 1 left on base; Maris School 0 - Oceanside HS 2
BOTTOM OF THE 4TH
Oceanside HS Pirates batting - Pitching for Maris School : RHP Nick Rogers
Batting: RHB Danny Boykins 0-0: Ball
1-0: Ground out 1-3 (Groundball, 13S)
Batting: SHB Jerry Young 0-0: Ball
1-0: Ball
2-0: Ground out U3 (Groundball, 3)
Batting: LHB Preston Spencer 0-0: Ball
1-0: Ball
2-0: Foul Ball, location: 2F
2-1: Ground out 1-3 (Groundball, 15S)
Bottom of the 4th over - 0 run(s), 0 hit(s), 0 error(s), 0 left on base; Maris School 0 - Oceanside HS 2
TOP OF THE 5TH
Maris School batting - Pitching for Oceanside HS Pirates : RHP William Jones
Batting: LHB Dustin Wesman 0-0: SOLO HOME RUN (Line Drive, 89XD), Distance : 429 ft
Batting: RHB Ed Jackson 0-0: Ball
1-0: Called Strike
1-1: Foul Ball, location: 2F
1-2: Foul Ball, location: 2F
1-2: Ball
2-2: Foul Ball, location: 2F
2-2: Ball
3-2: Foul Ball, location: 2F
3-2: Ground out 5-3 (Groundball, 5)
Batting: LHB Ryan Martin 0-0: SOLO HOME RUN (Line Drive, 9LD), Distance : 361 ft
Batting: RHB Doug Carter 0-0: Called Strike
0-1: Swinging Strike
0-2: Foul Ball, location: 2F
0-2: Ball
1-2: Ground out 6-3 (Groundball, 6)
Batting: RHB Dan Duckworth 0-0: Called Strike
0-1: Foul Ball, location: 2F
0-2: Strikes out swinging
Top of the 5th over - 2 run(s), 2 hit(s), 0 error(s), 0 left on base; Maris School 2 - Oceanside HS 2
BOTTOM OF THE 5TH
Oceanside HS Pirates batting - Pitching for Maris School : RHP Nick Rogers
Batting: LHB Greg Sharpe 0-0: Called Strike
0-1: Ball
1-1: Ball
2-1: Ball
3-1: Fly out, F6 (Popup, 6D)
Batting: RHB Anthony Payton 0-0: Ball
1-0: Foul Ball, location: 2F
1-1: Called Strike
1-2: Ball
2-2: Ball
3-2: Strikes out looking
Batting: LHB Miguel Maldonado 0-0: Ball
1-0: Called Strike
1-1: Ball
2-1: Fly out, F5 (Popup, 5DF)
Bottom of the 5th over - 0 run(s), 0 hit(s), 0 error(s), 0 left on base; Maris School 2 - Oceanside HS 2
TOP OF THE 6TH
Maris School batting - Pitching for Oceanside HS Pirates : RHP William Jones
Batting: RHB John Scammell 0-0: Called Strike
0-1: Ball
1-1: Fly out, F8 (Flyball, 78D)
Pitching: LHP Mariano García
Batting: RHB Dave McGuire 0-0: Ball
1-0: Foul Ball, location: 2F
1-1: Foul Ball, location: 2F
1-2: Ball
2-2: Ball
3-2: Strikes out swinging
Batting: RHB Bruce Adams 0-0: Fly out, F7 (Flyball, 78M)
Top of the 6th over - 0 run(s), 0 hit(s), 0 error(s), 0 left on base; Maris School 2 - Oceanside HS 2
BOTTOM OF THE 6TH
Oceanside HS Pirates batting - Pitching for Maris School : RHP Nick Rogers
Batting: RHB Glen Madden 0-0: Called Strike
0-1: Ground out 4-3 (Groundball, 4)
Batting: RHB Henry Rose 0-0: Foul Ball, location: 2F
0-1: Called Strike
0-2: Ball
1-2: Foul Ball, location: 2F
1-2: Foul Ball, location: 2F
1-2: Strikes out looking
Batting: LHB Ron Young 0-0: Called Strike
0-1: Called Strike
0-2: Foul Ball, location: 2F
0-2: Foul Ball, location: 2F
0-2: Foul Ball, location: 2F
0-2: SOLO HOME RUN (Flyball, 8RXD), Distance : 450 ft
Batting: RHB Danny Boykins 0-0: Ball
1-0: Called Strike
1-1: Called Strike
1-2: Fly out, F4 (Line Drive, 4)
Bottom of the 6th over - 1 run(s), 1 hit(s), 0 error(s), 0 left on base; Maris School 2 - Oceanside HS 3
TOP OF THE 7TH
Maris School batting - Pitching for Oceanside HS Pirates : LHP Mariano García
Batting: RHB Zane Heath 0-0: Ball
1-0: Foul Ball, location: 2F
1-1: Foul Ball, location: 2F
1-2: Ball
2-2: Ball
3-2: Strikes out swinging
Batting: LHB Dustin Wesman 0-0: Fly out, F7 (Flyball, 7S)
Batting: RHB Ed Jackson 0-0: Foul Ball, location: 2F
0-1: Ball
1-1: Foul Ball, location: 2F
1-2: Ground out 5-3 (Groundball, 5L)
Top of the 7th over - 0 run(s), 0 hit(s), 0 error(s), 0 left on base; Maris School 2 - Oceanside HS 3
BOTTOM OF THE 7TH
Oceanside HS Pirates batting - Pitching for Maris School : RHP Nick Rogers
Pitching: RHP Alonso Dupree
Batting: SHB Jerry Young 0-0: Ball
1-0: Foul Ball, location: 2F
1-1: Ball
2-1: Ground out 6-3 (Groundball, 6)
Batting: LHB Preston Spencer 0-0: SINGLE (Line Drive, 89S)
Batting: LHB Greg Sharpe 0-0: Ball
1-0: Called Strike
1-1: Ball
2-1: Swinging Strike
2-2: Ball
3-2: Fly out, F3 (Line Drive, 3)
3-2: Lined into DP, U3 (Line Drive, 3)
Bottom of the 7th over - 0 run(s), 1 hit(s), 0 error(s), 0 left on base; Maris School 2 - Oceanside HS 3
TOP OF THE 8TH
Maris School batting - Pitching for Oceanside HS Pirates : LHP Mariano García
Now at C: Curt Brown
Batting: LHB Ryan Martin 0-0: Ball
1-0: Called Strike
1-1: Ball
2-1: Foul Ball, location: 2F
2-2: Strikes out swinging
Pitching: RHP Thomas Hoffman
Batting: RHB Doug Carter 0-0: Foul Ball, location: 2F
0-1: Ball
1-1: Swinging Strike
1-2: Strikes out swinging
Pitching: RHP Ash Coker
Batting: RHB Dan Duckworth 0-0: Ground out 6-3 (Groundball, 6)
Top of the 8th over - 0 run(s), 0 hit(s), 0 error(s), 0 left on base; Maris School 2 - Oceanside HS 3
BOTTOM OF THE 8TH
Oceanside HS Pirates batting - Pitching for Maris School : RHP Alonso Dupree
Batting: RHB Anthony Payton 0-0: Called Strike
0-1: Ball
1-1: Ground out 4-3 (Groundball, 4)
Batting: LHB Miguel Maldonado 0-0: Swinging Strike
0-1: Fly out, F7 (Flyball, 78M)
Batting: RHB Glen Madden 0-0: Called Strike
0-1: Fly out, F7 (Flyball, 78M)
Bottom of the 8th over - 0 run(s), 0 hit(s), 0 error(s), 0 left on base; Maris School 2 - Oceanside HS 3
TOP OF THE 9TH
Maris School batting - Pitching for Oceanside HS Pirates : RHP Ash Coker
Pitching: RHP Ed Castillo
Batting: RHB John Scammell 0-0: Ball
1-0: Foul Ball, location: 2F
1-1: Ball
2-1: Foul Ball, location: 2F
2-2: Foul Ball, location: 2F
2-2: Foul Ball, location: 2F
2-2: Strikes out swinging
Batting: RHB Dave McGuire 0-0: Ground out 1-3 (Groundball, 13)
Batting: RHB Bruce Adams 0-0: SINGLE (Groundball, 25) (infield hit)
Batting: RHB Zane Heath 0-0: Ball
1-0: Fly out, F7 (Flyball, 7M)
Top of the 9th over - 0 run(s), 1 hit(s), 0 error(s), 1 left on base; Maris School 2 - Oceanside HS 3
Monday, December 5th, 2016 - OOTP Baseball 17.12 Build 75